 Dungeon Crawl Stone Soup version 0.23.2-1-ga50397a (webtiles) character file.

Game seed: 8411655978141446801

93 Iscandelvey the Bolt Thrower (level 4, 9/33 HPs)
             Began as a Demonspawn Arcane Marksman on Apr 17, 2019.
             Quit the game on level 3 of the Dungeon.
             The game lasted 00:01:24 (1851 turns).

Iscandelvey the Bolt Thrower (DsAM)                 Turns: 1851, Time: 00:01:24

Health: 9/33       AC:  2    Str: 10    XL:     4   Next: 37%
Magic:  5/5        EV: 12    Int: 16    God:
Gold:   156        SH:  0    Dex: 13    Spells: 4/5 levels left

rFire    . . .     SeeInvis .   a - +0 hand crossbow
rCold    . . .     Gourm    .   (no shield)
rNeg     . . .     Faith    .   e - +0 robe
rPois    .         Spirit   .   (no helmet)
rElec    .         Reflect  .   (no cloak)
rCorr    .         Harm     .   (no gloves)
MR       .....                  (no boots)
Stlth    +.........             (no amulet)
HPRegen  0.11/turn              (no ring)
MPRegen  0.09/turn              (no ring)

@: no status effects
A: claws 1, powered by pain 2
a: no special abilities


You were on level 3 of the Dungeon.
You were not hungry.

You visited 1 branch of the dungeon, and saw 3 of its levels.

You collected 156 gold pieces.

Inventory:

Hand Weapons
 a - a +0 hand crossbow (weapon)
Missiles
 d - 20 bolts (quivered)
Armour
 e - a +0 robe (worn)
Scrolls
 b - 4 scrolls of remove curse {unknown}
 h - a scroll of fog {unknown}
 i - a scroll of amnesia {unknown}
Potions
 c - a potion of might {unknown}
 g - a potion of haste {unknown}
 j - a potion of ambrosia {unknown}
Comestibles
 f - 6 rations


   Skills:
 + Level 2.0 Fighting
 + Level 3.5 Crossbows
 + Level 2.0 Dodging
 + Level 0.1 Stealth
 + Level 1.0 Spellcasting
 + Level 3.2 Hexes


You had 4 spell levels left.
You knew the following spells:

 Your Spells              Type           Power        Failure   Level  Hunger
a - Corona                Hex            ##.....      6%          1    ##.....

Your spell library contained the following spells:

 Spells                   Type           Power        Failure   Level  Hunger
 Slow                     Hex            ##......     10%         2    ###....
 Inner Flame              Hex/Fire       #.......     34%         3    ####...
 Portal Projectile        Hex/Tloc       #.....       34%         3    ####...
 Cause Fear               Hex            ##........   52%         4    #####..
 Leda's Liquefaction      Hex/Erth       #.........   75%         4    #####..


Dungeon Overview and Level Annotations

Branches:
Dungeon (3/15)

Altars:
Cheibriados
Dithmenos


Innate Abilities, Weirdness & Mutations

You have sharp fingernails.
You sometimes gain power by taking damage.


Message History

The bolt hits the orc wizard but does no damage.
The orc wizard is almost dead.
The orc wizard points at you and mumbles some strange words.
You resist with significant effort.
The orc wizard gestures wildly while chanting.
The orc wizard blinks!
Firing (i - inventory)
d - 21 bolts (quivered)
Press: ? - help, Shift-Dir - straight line, f/p - orc wizard
Aim: an orc wizard, wielding a +0 dagger and wearing a +0 robe (almost dead)
You shoot a bolt. The bolt hits the orc wizard.
You kill the orc wizard!
Your Fighting skill increases to level 2!
You have reached level 4!
You feel clever.
You feel monstrous as your demonic heritage exerts itself.
Your demonic ancestry asserts itself...
Your fingernails lengthen.
Things that are here:
a +0 dagger; a +0 robe; an orc corpse Are you sure you want to abandon this character and quit the game? (Confirm with "yes".)

.... ..( ..( .( .
#(###.. .. ((.....
. ####(...... #.
#. #.@...# #.#
#.### #..###..[..
#..##...# ##..#
...
#...##.#####..## .
#.............#
###........_....#
................#
..............#..#
...........#######


There were no monsters in sight!

Vanquished Creatures
  An orc wizard (D:3)
  An adder (D:2)
  2 dart slugs (D:1)
  2 leopard geckos
  2 orcs (D:3)
  5 giant cockroaches
  4 hobgoblins
  2 jackals (D:2)
  6 kobolds
  2 quokkas
  5 bats
  4 frilled lizards
  8 goblins
44 creatures vanquished.

Notes
Turn   | Place    | Note
-------+----------+-------------------------------------------
     0 | D:1      | Iscandelvey the Demonspawn Arcane Marksman began the quest
                  | for the Orb.
     0 | D:1      | Reached XP level 1. HP: 15/15 MP: 2/2
   302 | D:1      | Gained mutation: You sometimes gain a little power by
                  | taking damage. [demonic ancestry]
   302 | D:1      | Reached XP level 2. HP: 21/21 MP: 3/3
   930 | D:2      | Gained mutation: You sometimes gain power by taking damage.
                  | [demonic ancestry]
   930 | D:2      | Reached XP level 3. HP: 18/26 MP: 4/4
  1505 | D:2      | Found a snail-covered altar of Cheibriados.
  1823 | D:3      | Found a shadowy altar of Dithmenos.
  1849 | D:3      | Gained mutation: You have sharp fingernails. [demonic
                  | ancestry]
  1849 | D:3      | Reached XP level 4. HP: 9/33 MP: 5/5
  1851 | D:3      | Quit the game

Skill      XL: |  1  2  3 |
---------------+----------+-----
Crossbows      | 2 3 |  3.5
Dodging        | 2 |  2.0
Fighting       | 2 |  2.0
Stealth        | |  0.1
Spellcasting   | |  1.0
Hexes          | |  3.2

Action                   |  1- 3 |  4- 6 || total
-------------------------+-------+-------++-------
 Fire: Hand crossbow     |   110 |       ||   110
  Eat: Chunk             |     3 |       ||     3
Armor: Robe              |     7 |       ||     7
Dodge: Dodged            |    48 |       ||    48
